 Dungeon Crawl Stone Soup version 0.25.1-2-g60ff931df9 (webtiles) character file.

Game seed: 9865576262336935501

1012 gruber the Charmwright (level 8, 0/63 HPs)
             Began as a Gnoll Skald on Dec 6, 2020.
             Slain by a wight
             ... wielding a +0 halberd
              (3 damage)
             ... on level 7 of the Dungeon.
             The game lasted 00:08:22 (6746 turns).

gruber the Charmwright (Gnoll Skald)                Turns: 6746, Time: 00:08:23

Health: 0/63       AC: 10    Str: 14    XL:     8   Next: 21%
Magic:  2/16       EV: 17    Int: 20    God:
Gold:   363        SH:  0    Dex: 10    Spells: 10/18 levels left

rFire    . . .     SeeInvis .   a - +0 spear
rCold    x . .     Gourm    .   (no shield)
rNeg     . . .     Faith    .   I - +5 leather armour "Nillico" {rElec rC- Int+2 Slay+5}
rPois    .         Spirit   .   n - +0 helmet
rElec    +         Reflect  .   L - +0 cloak
rCorr    .         Harm     .   (no gloves)
MR       .....                  z - -1 pair of boots (curse)
Stlth    ++........             (no amulet)
HPRegen  0.20/turn              C - -4 ring of dexterity (curse)
MPRegen  0.15/turn              y - +4 ring of evasion

@: infused, singing, stab, lightly drained
A: distributed training, fangs 1, strong nose
a: no special abilities


You were on level 7 of the Dungeon.
You were very hungry.

You visited 1 branch of the dungeon, and saw 7 of its levels.
You also visited: Sewer.

You collected 363 gold pieces.

Inventory:

Hand Weapons
 a - a +0 spear (weapon)
 q - a +0 longbow
 v - a +2 dagger of venom
Missiles
 c - 78 arrows
 l - 8 javelins (quivered)
Armour
 b - a +0 leather armour
 n - a +0 helmet (worn)
 z - a cursed -1 pair of boots (worn)
 I - the +5 leather armour "Nillico" (worn) {rElec rC- Int+2 Slay+5}
   (You found it on level 5 of the Dungeon)

   It affects your intelligence (+2).
   It affects your accuracy and damage with ranged weapons and melee attacks
   (+5).
   It makes you vulnerable to cold.
   It insulates you from electricity.
 J - the +6 ring mail of the Nexus {Harm *Corrode +Fly Slay+6}
   (You found it on level 5 of the Dungeon)

   It affects your accuracy and damage with ranged weapons and melee attacks
   (+6).
   It lets you fly.
   It may corrode you when you take damage.
   It increases damage dealt and taken.
 L - a +0 cloak (worn)
Jewellery
 o - an uncursed ring of flight
 s - an uncursed ring of stealth
 x - an uncursed ring of ice
 y - a +4 ring of evasion (right hand)
 C - a cursed -4 ring of dexterity (left hand)
 D - an uncursed ring of protection from fire
Wands
 u - a wand of digging (5)
 w - a wand of flame (22)
Scrolls
 p - 8 scrolls of identify {unknown}
 t - a scroll of enchant weapon {unknown}
 F - a scroll of amnesia {unknown}
 G - 2 scrolls of fear {unknown}
Potions
 e - a potion of degeneration {unknown}
 f - a potion of lignification {unknown}
 g - a potion of stabbing
 h - a potion of heal wounds
 i - 2 potions of haste {unknown}
 j - a potion of cancellation {unknown}
 k - 3 potions of curing {unknown}
 m - 2 potions of ambrosia {unknown}
 r - a potion of flight {unknown}
 A - a potion of invisibility {unknown}
 B - a potion of might {unknown}
 E - a potion of brilliance {unknown}
 H - a potion of magic {unknown}
 K - a potion of berserk rage {unknown}
Comestibles
 d - 8 rations


   Skills:
 + Level 5.5(5.2) Fighting
 + Level 3.0(2.7) Short Blades
 + Level 3.0(2.7) Long Blades
 + Level 3.0(2.7) Axes
 + Level 3.0(2.7) Maces & Flails
 + Level 5.5(5.2) Polearms
 + Level 3.0(2.7) Staves
 + Level 3.0(2.7) Slings
 + Level 3.0(2.7) Bows
 + Level 3.0(2.7) Crossbows
 + Level 3.0(2.7) Throwing
 + Level 4.0(3.7) Armour
 + Level 5.5(5.2) Dodging
 + Level 3.0(2.7) Stealth
 + Level 3.0(2.7) Shields
 + Level 3.0(2.7) Unarmed Combat
 + Level 5.9(5.5) Spellcasting
 + Level 2.4(2.1) Conjurations
 + Level 2.4(2.1) Hexes
 + Level 6.0(5.7) Charms
 + Level 2.4(2.1) Summonings
 + Level 2.4(2.1) Necromancy
 + Level 2.4(2.1) Translocations
 + Level 2.4(2.1) Transmutations
 + Level 2.4(2.1) Fire Magic
 + Level 2.4(2.1) Ice Magic
 + Level 2.4(2.1) Air Magic
 + Level 2.4(2.1) Earth Magic
 + Level 2.4(2.1) Poison Magic
 + Level 3.3(3.0) Invocations
 + Level 3.0(2.7) Evocations


You had 10 spell levels left.
You knew the following spells:

 Your Spells              Type           Power        Failure   Level  Hunger
a - Infusion              Chrm           ####         1%          1    None
b - Song of Slaying       Chrm           ####....     1%          2    None
c - Shroud of Golubria    Chrm/Tloc      ###...       4%          2    None
d - Spectral Weapon       Hex/Chrm       ###.....     8%          3    ##.....

Your spell library contained the following spells:

 Spells                   Type           Power        Failure   Level  Hunger
 Ozocubu's Armour         Chrm/Ice       ###.....     8%          3    ##.....


Dungeon Overview and Level Annotations

Branches:
Dungeon (7/15)             Temple (0/1) D:4           Sewer (visited)

Altars:
Elyvilon
Makhleb
Yredelemnul


Innate Abilities, Weirdness & Mutations

Your experience applies equally to all skills.
You have very sharp teeth.
Your uncanny sense of smell can sniff out nearby items.


Message History

Unknown command.
Attack whom?
Press: ? - help, Dir - move target cursor, f/p - wight
Aim: a wight, wielding a +0 halberd and wearing a +0 robe You reach to attack!
You barely miss the wight.
Your spectral weapon hits the wight.
The wight hits you from afar with a +0 halberd.
* * * LOW HITPOINT WARNING * * *
Attack whom?
Press: ? - help, Dir - move target cursor, f/p - wight
Aim: a wight, wielding a +0 halberd and wearing a +0 robe (moderately damaged)
You reach to attack!
You puncture the wight!
The wight is almost destroyed.
You feel sick.
You are no longer poisoned.
Your spectral weapon hits the wight but does no damage.
The wight hits you from afar with a +0 halberd!
* * * LOW HITPOINT WARNING * * *
You feel drained.
You die...

###...
....#
#.$.# #...
. ##
#.!###....
#(#
#zZ...y.O.
#.#
#z####..y.
#.## #5# .
#@## #y#
##(###O#
##z##z#
#####z#†##
#....O(..#
#........#
#........#
#.......(#
#......<.#


You could see an ogre, 2 wights and a friendly spectral +0 spear.

Vanquished Creatures
  A crocodile (Sewer)
  A bullfrog (D:7)
  8 killer bees
  2 hounds
  2 orc wizards
  A bullfrog skeleton (D:5)
  Ijyb (D:3)
  Natasha (thrice) (D:3)
  3 worker ants
  Robin (D:2)
  6 adders
  A shadow imp (D:5)
  An ooze (D:1)
  3 worms
  6 dart slugs
  8 leopard geckos
  5 orcs
  2 ball pythons
  15 bats
  6 giant cockroaches
  11 goblins
  10 hobgoblins
  4 jackals
  7 kobolds
  2 quokkas
  A ball python skeleton (D:5)
  9 frilled lizards
  2 leopard gecko skeletons
  A quokka skeleton (D:4)
  5 rats
128 creatures vanquished.

Vanquished Creatures (others)
  4 spectral weapons
4 creatures vanquished.

Grand Total: 132 creatures vanquished

Notes
Turn   | Place    | Note
-------+----------+-------------------------------------------
     0 | D:1      | gruber the Gnoll Skald began the quest for the Orb.
     0 | D:1      | Reached XP level 1. HP: 20/20 MP: 6/6
   197 | D:1      | Reached XP level 2. HP: 26/26 MP: 7/7
   201 | D:1      | Learned a level 2 spell: Song of Slaying
   430 | D:1      | Reached XP level 3. HP: 31/31 MP: 9/9
   596 | D:1      | Reached skill level 5 in Spellcasting
   994 | D:1      | Learned a level 2 spell: Shroud of Golubria
   998 | D:1      | Learned a level 3 spell: Spectral Weapon
  1052 | D:2      | Noticed Robin
  1077 | D:2      | Reached skill level 1 in Invocations
  1092 | D:2      | Killed Robin
  1092 | D:2      | Reached skill level 1 in Short Blades
  1092 | D:2      | Reached skill level 1 in Long Blades
  1092 | D:2      | Reached skill level 1 in Axes
  1092 | D:2      | Reached skill level 1 in Maces & Flails
  1092 | D:2      | Reached skill level 1 in Staves
  1092 | D:2      | Reached skill level 1 in Slings
  1092 | D:2      | Reached skill level 1 in Bows
  1092 | D:2      | Reached skill level 1 in Crossbows
  1092 | D:2      | Reached skill level 1 in Throwing
  1092 | D:2      | Reached skill level 1 in Stealth
  1092 | D:2      | Reached skill level 1 in Shields
  1092 | D:2      | Reached skill level 1 in Unarmed Combat
  1092 | D:2      | Reached skill level 1 in Evocations
  1101 | D:2      | Reached XP level 4. HP: 21/38 MP: 0/11
  1891 | D:2      | Reached skill level 1 in Conjurations
  1891 | D:2      | Reached skill level 1 in Hexes
  1891 | D:2      | Reached skill level 1 in Summonings
  1891 | D:2      | Reached skill level 1 in Necromancy
  1891 | D:2      | Reached skill level 1 in Translocations
  1891 | D:2      | Reached skill level 1 in Transmutations
  1891 | D:2      | Reached skill level 1 in Fire Magic
  1891 | D:2      | Reached skill level 1 in Ice Magic
  1891 | D:2      | Reached skill level 1 in Air Magic
  1891 | D:2      | Reached skill level 1 in Earth Magic
  1891 | D:2      | Reached skill level 1 in Poison Magic
  2939 | D:3      | Noticed Ijyb
  2971 | D:3      | Killed Ijyb
  2971 | D:3      | Reached XP level 5. HP: 15/43 MP: 1/12
  3236 | D:3      | Noticed Natasha
  3246 | D:3      | Killed Natasha
  3620 | D:3      | Noticed Natasha
  3628 | D:3      | Killed Natasha
  3797 | D:3      | Noticed Natasha
  3804 | D:3      | Killed Natasha
  3804 | D:3      | Reached XP level 6. HP: 33/50 MP: 13/13
  4530 | D:4      | Found a glowing drain.
  4556 | Sewer    | Entered a sewer
  4679 | Sewer    | Reached skill level 5 in Fighting
  4679 | Sewer    | Reached skill level 5 in Polearms
  4679 | Sewer    | Reached skill level 5 in Dodging
  4991 | D:4      | Reached XP level 7. HP: 28/56 MP: 13/15
  5217 | D:4      | Found a staircase to the Ecumenical Temple.
  5395 | D:5      | Entered Level 5 of the Dungeon
  5793 | D:5      | Got an encrusted leather armour
  5896 | D:5      | Found a white marble altar of Elyvilon.
  5904 | D:5      | Got a crude ring mail
  5915 | D:5      | Identified the +6 ring mail of the Nexus {Harm *Corrode
                  | +Fly Slay+6} (You found it on level 5 of the Dungeon)
  6099 | D:5      | Found a basalt altar of Yredelemnul.
  6227 | D:5      | Found a burning altar of Makhleb.
  6323 | D:6      | Identified the +5 leather armour "Nillico" {rElec rC- Int+2
                  | Slay+5} (You found it on level 5 of the Dungeon)
  6352 | D:6      | HP: 1/56 [hound (2)]
  6359 | D:6      | HP: 1/56 [hound (1)]
  6713 | D:7      | Reached skill level 6 in Charms
  6713 | D:7      | Reached XP level 8. HP: 31/63 MP: 4/16
  6724 | D:7      | HP: 2/63 [wight/+3 battleaxe (2)]
  6746 | D:7      | HP: 3/63 [wight/+0 halberd (7)]
  6746 | D:7      | Slain by a wight

Illustrated notes

Levels and vault maps discovered:
D:1:      dpeg_arrival_radiant, layout_basic
D:2:      layout_rooms, serial_co_window_serial, co_window_corner_a,
          co_window_corner_a, co_window_corner_a, co_window_paths_b,
          co_window_corner_a, co_window_paths_a, co_window_corner_a,
          co_window_cross_4, co_window_of_opportunity_b, co_window_2corner,
          co_window_paths_e, co_window_4corner_a, glass_columns_b,
          glass_columns_a, glass_columns_b, glass_columns_b, first_ration,
          uniq_robin
D:3:      layout_loops_ring, uniq_ijyb, uniq_natasha
D:4:      layout_basic, minmay_temple_entry_fiery, gup_sewer_entry_bubbles
D:5:      layout_rooms, yredelemnul_altar_generic, kennysheep_mini,
          elyvilon_altar_4, kennysheep_generic_room_14
D:6:      layout_cave_pools
D:7:      layout_basic

Skill      XL: |  1  2  3  4  5  6  7  8 |
---------------+-------------------------+-----
Spellcasting   | 5 |  5.9
Invocations    | 1 2 3 |  3.3
Short Blades   | 1 2 3 |  3.0
Long Blades    | 1 2 3 |  3.0
Axes           | 1 2 3 |  3.0
Maces & Flails | 1 2 3 |  3.0
Staves         | 1 2 3 |  3.0
Slings         | 1 2 3 |  3.0
Bows           | 1 2 3 |  3.0
Crossbows      | 1 2 3 |  3.0
Throwing       | 1 2 3 |  3.0
Stealth        | 1 2 3 |  3.0
Shields        | 1 2 3 |  3.0
Unarmed Combat | 1 2 3 |  3.0
Evocations     | 1 2 3 |  3.0
Conjurations   | 1 2 |  2.4
Hexes          | 1 2 |  2.4
Summonings     | 1 2 |  2.4
Necromancy     | 1 2 |  2.4
Translocations | 1 2 |  2.4
Transmutations | 1 2 |  2.4
Fire Magic     | 1 2 |  2.4
Ice Magic      | 1 2 |  2.4
Air Magic      | 1 2 |  2.4
Earth Magic    | 1 2 |  2.4
Poison Magic   | 1 2 |  2.4
Armour         | 3 4 |  4.0
Fighting       | 5 |  5.5
Polearms       | 5 |  5.5
Dodging        | 5 |  5.5
Charms         | 6 |  6.0

Action                   |  1- 3 |  4- 6 |  7- 9 || total
-------------------------+-------+-------+-------++-------
Melee: Spear             |    59 |    18 |    29 ||   106
       Bite              |     7 |    24 |     9 ||    40
       Whip              |    32 |   149 |       ||   181
       Punch             |       |     2 |     1 ||     3
       Dagger            |       |   126 |    89 ||   215
 Cast: Infusion          |     4 |     8 |     1 ||    13
       Spectral Weapon   |     1 |    14 |     9 ||    24
       Song of Slaying   |     1 |     4 |     2 ||     7
       Shroud of Golubri |       |     1 |       ||     1
Evoke: Wand              |       |       |     1 ||     1
  Use: Scroll            |       |     2 |       ||     2
       Potion            |       |       |     2 ||     2
 Stab: Sleeping          |     2 |     7 |       ||     9
       Distracted        |       |       |     1 ||     1
  Eat: Chunk             |       |    14 |     5 ||    19
Armor: Leather armour    |    13 |    66 |    27 ||   106
       Ring mail         |       |       |     5 ||     5
Dodge: Dodged            |    54 |   257 |    96 ||   407
